 Dungeon Crawl Stone Soup version 0.27.0-66-gdc8fb28755 (webtiles) character file.

Game seed: 5069602102054890951

159 ZARRMARR the Fighter (level 5, -1/76 HPs)
             Began as a Gnoll Wanderer on Aug 20, 2021.
             Slain by an iguana (4 damage)
             ... on level 4 of the Dungeon.
             The game lasted 00:12:04 (3244 turns).

ZARRMARR the Fighter (Gnoll Wanderer)               Turns: 3244, Time: 00:12:05

Health: -1/76      AC: 22    Str: 16    XL:     5   Next: 40%
Magic:  16/16      EV:  2    Int: 17    God:
Gold:   32         SH: 11    Dex: 12    Spells: 6/6 levels left

rFire    . . .     SeeInvis .   a - +2 spear
rCold    + . .     Faith    .   h - +0 tower shield
rNeg     + + +     Spirit   .   (armour currently unavailable)
rPois    +         Reflect  .   (helmet currently unavailable)
rElec    .         Harm     .   (cloak currently unavailable)
rCorr    .         Rampage  .   (gloves currently unavailable)
Will     .....     NoTele   +   (boots currently unavailable)
Stlth    ++........             (no amulet)
HPRegen  0.22/turn              e - ring "Wiumowem" {rC+ MP+9 Str+4 Int+6}
MPRegen  0.15/turn              (no ring)

@: tree-form (expiring)
A: stationary, stasis, torment immunity, boosted hp, (fangs 1), strong nose,
distributed training
a: no special abilities


You were on level 4 of the Dungeon.
You were a tree.
You visited 1 branch of the dungeon, and saw 4 of its levels.

You collected 128 gold pieces.
You spent 96 gold pieces at shops.

Inventory:

Hand Weapons
 a - a +2 spear (weapon)
Armour
 d - a +0 robe (melded)
 h - a +0 tower shield (worn)
Jewellery
 e - the ring "Wiumowem" (left branch) {rC+ MP+9 Str+4 Int+6}
   (You acquired it on level 1 of the Dungeon)

   [ring of intelligence]

   Str:       It affects your strength (+4).
   Int:       It affects your intelligence (+6).
   rC:        It protects you from cold.
   MP:        It affects your magic capacity (+9).
 l - a ring of fire
 n - a ring of wizardry
Scrolls
 c - 2 scrolls of teleportation
 g - 2 scrolls of noise
 j - a scroll of vulnerability
 m - a scroll of blinking {unknown}
Potions
 f - a potion of lignification
 i - a potion of haste
 k - a potion of resistance


   Skills:
 + Level 8.6 Fighting
 + Level 1.4 Short Blades
 + Level 1.4 Long Blades
 + Level 1.4 Axes
 + Level 1.4 Maces & Flails
 + Level 3.0 Polearms
 + Level 1.4 Staves
 + Level 1.4 Slings
 + Level 1.4 Bows
 + Level 1.4 Crossbows
 + Level 3.0 Throwing
 + Level 1.4 Armour
 + Level 3.0 Dodging
 + Level 2.7 Stealth
 + Level 1.4 Shields
 + Level 3.0 Unarmed Combat
 + Level 1.4 Spellcasting
 + Level 1.1 Conjurations
 + Level 1.1 Hexes
 + Level 1.1 Summonings
 + Level 1.1 Necromancy
 + Level 1.1 Translocations
 + Level 1.1 Transmutations
 + Level 1.1 Fire Magic
 + Level 1.1 Ice Magic
 + Level 1.1 Air Magic
 + Level 1.1 Earth Magic
 + Level 1.1 Poison Magic
 + Level 1.6 Invocations
 + Level 3.0 Evocations


You had 6 spell levels left.
You didn't know any spells.
Your spell library contained the following spells:

 Spells                   Type           Power      Damage    Failure   Level
 Sting                    Tmut/Pois      20%        1d4       95%         1
 Poisonous Vapours        Pois/Air       10%        N/A       99%         2
 Conjure Flame            Conj/Fire      5%         6-21      100%        3
 Ignite Poison            Fire/Tmut/Pois 5%         N/A       100%        3
 Olgreb's Toxic Radiance  Pois           5%         N/A       100%        4
 Sticky Flame             Conj/Fire      5%         2d3       100%        4


Dungeon Overview and Level Annotations

Branches:
Dungeon (4/15)
 Temple: D:4-7

Altars:
Xom

Shops:
D:1 ?


Innate Abilities, Weirdness & Mutations

You are a tree.
Your roots penetrate the ground, keeping you stationary.
You cannot be teleported.
You are immune to unholy pain and torment.
Your maximum health is greatly increased.
Your equipment is partially melded.
((You have very sharp teeth.))
Your uncanny sense of smell can sniff out nearby items.
Your experience applies equally to all skills.


Message History

You block the iguana's attack.
Your shield prevents you from hitting the iguana.
The iguana is heavily wounded.
You block the iguana's attack.
You hit the iguana but do no damage.
The iguana is heavily wounded.
You block the iguana's attack. x2
You hit the iguana.
The iguana is severely wounded.
The iguana bites you.
* * * LOW HITPOINT WARNING * * *
You barely miss the iguana.
The iguana is severely wounded.
The iguana bites you but does no damage. x2
You hit the iguana.
The iguana is almost dead.
The iguana bites you but does no damage.
You closely miss the iguana.
The iguana is severely wounded.
The iguana bites you.
* * * LOW HITPOINT WARNING * * *
You hit the iguana.
The iguana is almost dead.
Your transformation is almost over.
The iguana bites you but does no damage.
You block the iguana's attack.
You hit the iguana.
The iguana is almost dead.
The iguana bites you but does no damage.
You hit the iguana but do no damage.
The iguana is almost dead.
The iguana barely misses you. The iguana bites you.
* * * LOW HITPOINT WARNING * * *
You hit the iguana but do no damage.
The iguana is almost dead.
You block the iguana's attack.
You barely miss the iguana.
The iguana is almost dead.
The iguana bites you.
You die...

#. #....(....
#.###...#.#.#
...........>##
#........!...##
.....^........#
#..#.#.....#
#......=...#
####l####..#
##♣####..#
#........#####.
#..............
##.####..#####
#.# #..#
##.####..#####.
#.......†......
#........#####.
#####(#..#


You could see an iguana.

Vanquished Creatures
  A scorpion (D:4)
  A jelly (D:4)
  2 adders (D:2)
  A worm (D:3)
  2 dart slugs
  3 ball pythons
  3 endoplasms
  3 giant cockroaches
  3 goblins
  5 hobgoblins
  3 jackals (D:3)
  4 kobolds
  2 quokkas
  6 bats
  2 frilled lizards (D:1)
  3 rats
44 creatures vanquished.

Notes
Turn   | Place    | Note
-------+----------+-------------------------------------------
     0 | D:1      | ZARRMARR the Gnoll Wanderer began the quest for the Orb.
     0 | D:1      | ZARRMARR set off with the following items: a +2 spear, a
                  | potion of curing, a scroll of teleportation, a +0 robe
     0 | D:1      | Reached XP level 1. HP: 26/26 MP: 1/1
   209 | D:1      | Reached XP level 2. HP: 33/33 MP: 2/2
   678 | D:1      | Found Radofini's Magic Scroll Boutique.
  1032 | D:1      | Identified a scroll of acquirement
  1033 | D:1      | Acquired the ring "Wiumowem" {rC+ MP+9 Str+4 Int+6}
  1139 | D:1      | Bought a scroll of identify for 24 gold pieces
  1209 | D:2      | Reached XP level 3. HP: 30/38 MP: 3/3
  1508 | D:2      | Reached skill level 1 in Invocations
  2101 | D:1      | Bought 3 scrolls of identify for 72 gold pieces
  2178 | D:3      | Reached skill level 1 in Short Blades
  2178 | D:3      | Reached skill level 1 in Long Blades
  2178 | D:3      | Reached skill level 1 in Axes
  2178 | D:3      | Reached skill level 1 in Maces & Flails
  2178 | D:3      | Reached skill level 1 in Staves
  2178 | D:3      | Reached skill level 1 in Slings
  2178 | D:3      | Reached skill level 1 in Bows
  2178 | D:3      | Reached skill level 1 in Crossbows
  2178 | D:3      | Reached skill level 1 in Armour
  2178 | D:3      | Reached skill level 1 in Shields
  2178 | D:3      | Reached skill level 1 in Spellcasting
  2458 | D:3      | Reached XP level 4. HP: 45/45 MP: 5/5
  2619 | D:3      | Found a shimmering altar of Xom.
  3013 | D:4      | Noticed a scorpion
  3031 | D:4      | Killed a scorpion
  3032 | D:4      | Reached skill level 1 in Conjurations
  3032 | D:4      | Reached skill level 1 in Hexes
  3032 | D:4      | Reached skill level 1 in Summonings
  3032 | D:4      | Reached skill level 1 in Necromancy
  3032 | D:4      | Reached skill level 1 in Translocations
  3032 | D:4      | Reached skill level 1 in Transmutations
  3032 | D:4      | Reached skill level 1 in Fire Magic
  3032 | D:4      | Reached skill level 1 in Ice Magic
  3032 | D:4      | Reached skill level 1 in Air Magic
  3032 | D:4      | Reached skill level 1 in Earth Magic
  3032 | D:4      | Reached skill level 1 in Poison Magic
  3032 | D:4      | Reached XP level 5. HP: 26/51 MP: 7/7
  3242 | D:4      | HP: 3/76 [iguana (6)]
  3244 | D:4      | Slain by an iguana

Illustrated notes

Levels and vault maps discovered:
D:1:      minmay_arrival_up_and_down, layout_basic, serial_shops, shop,
          minmay_misc_feat_secret_circle
D:2:      layout_basic
D:3:      layout_loops_ring, mainiacjoe_overflow_cross_hatched
D:4:      layout_basic, minmay_stone_trees_small, uniq_menkaure,
          uniq_crazy_yiuf_cottage, uniq_sigmund, uniq_natasha, uniq_ijyb

Skill      XL: |  1  2  3  4  5 |
---------------+----------------+-----
Invocations    | 1 |  1.6
Short Blades   | 1 |  1.4
Long Blades    | 1 |  1.4
Axes           | 1 |  1.4
Maces & Flails | 1 |  1.4
Staves         | 1 |  1.4
Slings         | 1 |  1.4
Bows           | 1 |  1.4
Crossbows      | 1 |  1.4
Armour         | 1 |  1.4
Shields        | 1 |  1.4
Spellcasting   | 1 |  1.4
Conjurations   | 1 |  1.1
Hexes          | 1 |  1.1
Summonings     | 1 |  1.1
Necromancy     | 1 |  1.1
Translocations | 1 |  1.1
Transmutations | 1 |  1.1
Fire Magic     | 1 |  1.1
Ice Magic      | 1 |  1.1
Air Magic      | 1 |  1.1
Earth Magic    | 1 |  1.1
Poison Magic   | 1 |  1.1
Polearms       | 3 |  3.0
Throwing       | 3 |  3.0
Dodging        | 3 |  3.0
Unarmed Combat | 3 |  3.0
Evocations     | 3 |  3.0
Fighting       | |  8.6
Stealth        | |  2.7

Action                   |  1- 3 |  4- 6 || total
-------------------------+-------+-------++-------
Melee: Spear             |    93 |    63 ||   156
       Bite              |     4 |     3 ||     7
  Use: Scroll            |     7 |       ||     7
       Potion            |       |     2 ||     2
 Stab: Sleeping          |     9 |     2 ||    11
Armor: Robe              |    11 |     6 ||    17
       Skin              |       |     6 ||     6
Dodge: Dodged            |    20 |    13 ||    33
Block: Tower shield      |    34 |    47 ||    81
